 Dungeon Crawl Stone Soup version 0.14-a0-1969-g2c76abe (webtiles) character file.

338 Piginabag the Insei (level 5, 0/33 HPs)
             Began as an Octopode Transmuter on Jan 16, 2014.
             Succumbed to a kobold's poison
             ... on Level 4 of the Dungeon.
             The game lasted 00:04:45 (3128 turns).

Piginabag the Insei (Octopode Transmuter)           Turns: 3128, Time: 00:04:46

HP   0/33        AC  1     Str  9      XL: 5   Next: 20%
MP   9/9         EV 13     Int 22      God:
Gold 201         SH  0     Dex 14      Spells:  2 memorised,  4 levels left

rFire  . . .     SeeInvis .       - Unarmed
rCold  . . .     Clarity  .     (no shield)
rNeg   . . .     Conserve .     (helmet restricted)
rPois  .         rCorr    .     (no amulet)
rElec  .         rRot     .     u - +2 ring of intelligence
SustAb . .       Spirit   .     (no ring)
rMut   .         Warding  .     (no ring)
Saprov . . .     Stasis   .     (no ring)
MR     .....                    (no ring)
                                (no ring)
                                (no ring)
                                (no ring)

@: brilliant, mildly poisoned, very slightly contaminated, hasted, very quick,
not resistant to hostile enchantments, quite stealthy
A: almost no armour, amphibious, 8 rings, constrict 8, camouflage 1, gelatinous
body 1
a: no special abilities


You were on level 4 of the Dungeon.
You were not hungry.

You visited 1 branch of the dungeon, and saw 4 of its levels.

You collected 201 gold pieces.

Inventory:

Hand weapons
 v - a -1 orcish blowgun
Missiles
 b - 12 arrows
 w - 12 poisoned needles
Magical devices
 t - a wand of polymorph (13) {unknown}
Comestibles
 a - 2 bread rations
 r - 2 pears
Scrolls
 c - a scroll of blinking {unknown}
 h - a scroll of enchant weapon II {unknown}
 i - 2 scrolls of fear {unknown}
 k - a scroll of noise {unknown}
 l - 2 scrolls of remove curse {unknown}
 m - a scroll of curse weapon {unknown}
 n - a scroll of random uselessness {unknown}
 q - a scroll of identify {unknown}
Jewellery
 u - a +2 ring of intelligence (left tentacle)
Potions
 e - 2 potions of speed
 f - a potion of paralysis {unknown}
 j - a potion of agility {unknown}
 p - a potion of curing {unknown}
 s - a potion of heal wounds {unknown}
Books
 d - a book of Changes

   Spells                             Type                      Level
   *Beastly Appendage                 Transmutation                1
   Sticks to Snakes                   Transmutation                2
   *Spider Form                       Transmutation/Poison         3
   Ice Form                           Ice/Transmutation            4
   Blade Hands                        Transmutation                5


   Skills:
 + Level 1.2 Fighting
 + Level 3.2 Dodging
 + Level 2.7 Stealth
 + Level 3.7 Unarmed Combat
 + Level 2.3 Spellcasting
 + Level 2.6 Transmutations
 + Level 0.5 Poison Magic


You had 4 spell levels left.
You knew the following spells:

 Your Spells              Type           Power        Failure   Level  Hunger
a - Beastly Appendage     Trmt           ####..       1%          1    None
b - Spider Form           Trmt/Pois      ###.......   2%          3    ###....


Dungeon Overview and Level Annotations

Branches:
Dungeon (4/16)
 Temple: D:4-7

Altars:


Innate Abilities, Weirdness & Mutations

You cannot wear most types of armour.
You are amphibious.
You can wear up to eight rings at the same time.*
You can use your tentacles to constrict many enemies at once.*
Your skin changes colour to match your surroundings (Stlth).*
Your rubbery body absorbs attacks (AC +1).*


Message History

* * * LOW HITPOINT WARNING * * *
You feel sick.
You start resting.
* * * LOW HITPOINT WARNING * * *
You feel sick.
You start resting.
* * * LOW HITPOINT WARNING * * *
You feel sick.
You start resting.
* * * LOW HITPOINT WARNING * * *
You feel sick.
Drink which item? (? for menu, Esc to quit)
You feel yourself speed up.
It was a potion of speed.
You are very lightly contaminated with residual magic.
Drink which item? (? for menu, Esc to quit)
Magic courses through your body.
It was a potion of magic.
Drink which item? (? for menu, Esc to quit)
You feel clever all of a sudden.
It was a potion of brilliance.
You die...

######### #@......#
#.#####.# #(# #.# #.# #.#
#.# #.# ##.## #.#
########...# #.#
...........# #.# #
#.######.(.####.##.#.###.


There were no monsters in sight!

Vanquished Creatures
  5 adders
  A giant mite (D:1)
  2 worms
  3 giant geckos (D:1)
  An orc (D:3)
  12 bats
  7 giant cockroaches
  2 goblins
  9 hobgoblins
  4 quokkas
  3 ball pythons (D:1)
  5 giant newts
  9 kobolds
  2 rats
65 creatures vanquished.

Notes
Turn   | Place    | Note
--------------------------------------------------------------
     0 | D:1      | Piginabag, the Octopode Transmuter, began the quest for the Orb.
     0 | D:1      | Reached XP level 1. HP: 13/13 MP: 3/3
   429 | D:1      | Reached XP level 2. HP: 16/18 MP: 4/4
  1016 | D:1      | Reached XP level 3. HP: 15/23 MP: 6/6
  1020 | D:1      | Reached skill level 1 in Stealth
  1499 | D:2      | Learned a level 3 spell: Spider Form
  1865 | D:2      | Reached XP level 4. HP: 28/28 MP: 8/8
  2732 | D:3      | Reached XP level 5. HP: 24/33 MP: 2/9
  3125 | D:4      | HP: 1/33 [poisoned by a kobold]
  3128 | D:4      | Succumbed to a kobold's poison

Action                   |  1- 3 |  4- 6 || total
-------------------------+-------+-------++-------
Melee: Unarmed           |    93 |    92 ||   185
 Cast: Beastly Appendage |    10 |     3 ||    13
       Spider Form       |     3 |     4 ||     7
  Use: Potion            |       |     3 ||     3
 Stab: Sleeping          |     6 |     6 ||    12
